 Dungeon Crawl Stone Soup version 0.26-a0-663-g36e8fdb655 (webtiles) character file.

Game seed: 2943455713457396049

269 marklar909 the Cudgeler (level 6, -8/48 HPs)
             Began as a Formicid Monk on Oct 12, 2020.
             Killed by nerve-wracking pain
             ... invoked by Grinder
              (13 damage)
             ... on level 3 of the Dungeon.
             The game lasted 00:04:50 (3510 turns).

marklar909 the Cudgeler (Formicid Monk)             Turns: 3510, Time: 00:04:51

Health: -8/48      AC: 10    Str: 18    XL:     6   Next: 46%
Magic:  6/6        EV:  8    Int:  9    God:
Gold:   94         SH:  0    Dex: 13    Spells: 5/5 levels left

rFire    . . .     SeeInvis +   n - +0 flail
rCold    . . .     Faith    .   (no shield)
rNeg     . . .     Spirit   .   o - +1 chain mail
rPois    .         Reflect  .   (helmet unavailable)
rElec    .         Harm     .   (no cloak)
rCorr    .         Rampage  .   (no gloves)
MR       .....                  (no boots)
Stlth    ..........             (no amulet)
HPRegen  0.16/turn              (no ring)
MPRegen  0.10/turn              (no ring)

@: lethally poisoned (-8 -> -9)
A: permanent stasis, dig shafts and tunnels, four strong arms, antennae 3
a: Dig, Shaft Self


You were on level 3 of the Dungeon.
You visited 1 branch of the dungeon, and saw 3 of its levels.

You collected 94 gold pieces.

Inventory:

Hand Weapons
 n - a +0 flail (weapon)
Missiles
 a - 5 poisoned darts (quivered)
Armour
 o - a +1 chain mail (worn)
Wands
 c - a wand of random effects (12)
 m - a wand of flame (16)
Scrolls
 b - a scroll of enchant weapon
 e - a scroll of teleportation
 f - 2 scrolls of remove curse
 k - 2 scrolls of identify
Potions
 h - a potion of haste {unknown}
 i - a potion of heal wounds {unknown}


   Skills:
 + Level 4.0 Fighting
 + Level 5.1 Maces & Flails
 + Level 0.3 Throwing
 + Level 3.0 Armour
 + Level 3.1 Dodging
 + Level 2.8 Stealth


You had 5 spell levels left.
You didn't know any spells.
Your spell library was empty.

Dungeon Overview and Level Annotations

Branches:
Dungeon (3/15)

Altars:
Sif Muna
Xom

Annotations:
D:3 Grinder


Innate Abilities, Weirdness & Mutations

You cannot be hasted, slowed, berserked, paralysed or teleported.
You can dig through walls and to a lower floor.
Your four strong arms can wield two-handed weapons with a shield.
You have a pair of large antennae on your head. (SInv)


Message History

The hobgoblin throws a curare-tipped dart.
The curare-tipped dart hits you.
You are poisoned.
You have difficulty breathing.
* * * LOW HITPOINT WARNING * * *
Your stasis prevents you from being slowed.
You feel sick.
The hobgoblin hits you but does no damage.
You closely miss the hobgoblin.
The hobgoblin hits you but does no damage.
You barely miss the hobgoblin.
You feel sick.
The hobgoblin hits you but does no damage.
You closely miss the hobgoblin.
The hobgoblin hits you but does no damage.
You sock the hobgoblin!
You kill the hobgoblin!
You feel sick. Grinder gestures at you. Pain shoots through your body!
You die...

##### #########...##########*
..........#.##........##
........#...#..........###*******
...####........#####.....,,,,>,,,
#..######...#..#####,...#********
##......##......@..#*...#
##..###.###.#..###5#*...# ****
........# #.#..###(##...####**,,,
........# #........((...5...,,,,,
........# #........##...####**,,,
.####.#.###.#..##..#*...#******,*
.# #.#.........(.........,,,,*,*
.# #.#..##.#.......,...###**,*,*
.####.#..##.##.##..#*.#.# *,,,,


You could see Grinder.

Vanquished Creatures
  An orc priest (D:3)
  Jessica (D:3)
  Ijyb (D:3)
  An orc wizard (D:3)
  3 gnolls (D:3)
  5 adders
  An ooze (D:1)
  3 worms (D:2)
  3 dart slugs
  A leopard gecko (D:2)
  7 orcs (D:3)
  8 giant cockroaches
  3 goblins
  8 hobgoblins
  10 kobolds
  5 bats
  4 frilled lizards
  8 rats
73 creatures vanquished.

Notes
Turn   | Place    | Note
-------+----------+-------------------------------------------
     0 | D:1      | marklar909 the Formicid Monk began the quest for the Orb.
     0 | D:1      | Reached XP level 1. HP: 18/18 MP: 1/1
   229 | D:1      | Reached XP level 2. HP: 24/24 MP: 2/2
   475 | D:1      | Reached XP level 3. HP: 29/29 MP: 3/3
  1398 | D:2      | Reached XP level 4. HP: 37/37 MP: 4/4
  1409 | D:2      | Reached skill level 4 in Maces & Flails
  1677 | D:2      | Reached skill level 1 in Armour
  2197 | D:2      | Found a shimmering altar of Xom.
  2202 | D:2      | Found a shimmering blue altar of Sif Muna.
  2304 | D:3      | Noticed Ijyb
  2613 | D:3      | Reached XP level 5. HP: 31/42 MP: 5/5
  2735 | D:3      | Noticed Jessica
  2757 | D:3      | Killed Jessica
  2989 | D:3      | Reached XP level 6. HP: 47/48 MP: 6/6
  3037 | D:3      | Reached skill level 5 in Maces & Flails
  3282 | D:3      | Killed Ijyb
  3488 | D:3      | Noticed Grinder
  3499 | D:3      | HP: 1/48 [Grinder/nerve-wracking pain (4)]
  3510 | D:3      | Killed from afar by Grinder

Illustrated notes

Levels and vault maps discovered:
D:1:      dpeg_arrival_court, layout_basic, minmay_misc_feat_cross,
          st_stairs_10, minmay_strange_pillars, minmay_misc_feat_hallway,
          minmay_worlds_worst_comb
D:2:      layout_loops_ring, minitemple, minmay_misc_feat_encased
D:3:      layout_loops_ring, nicolae_overflow_crystal_walls, uniq_ijyb,
          uniq_jessica, uniq_grinder

Skill      XL: |  1  2  3  4  5  6 |
---------------+-------------------+-----
Dodging        | 3 |  3.1
Maces & Flails | 4 5 |  5.1
Armour         | 1 2 3 |  3.0
Fighting       | 4 |  4.0
Throwing       | |  0.3
Stealth        | |  2.8

Action                   |  1- 3 |  4- 6 || total
-------------------------+-------+-------++-------
Melee: Mace              |   110 |   103 ||   213
       Flail             |       |    78 ||    78
Throw: Dart              |       |     8 ||     8
 Abil: Dig               |       |     3 ||     3
  Use: Scroll            |       |     6 ||     6
       Potion            |       |     3 ||     3
 Stab: Sleeping          |     2 |       ||     2
Armor: Robe              |     5 |       ||     5
       Scale mail        |    39 |    35 ||    74
       Chain mail        |       |    49 ||    49
Dodge: Dodged            |    72 |    76 ||   148

Table legend: (Time is in decaauts)
 A = Elapsed time spent in this place.
 B = Non-inter-level travel time spent in this place.
 C = Inter-level travel time spent in this place.
 D = Time resting spent in this place.
 E = Time spent auto-exploring this place.
 F = Levels seen in this place.
 G = Mean time per level.
                   A        B        C        D        E       F      G
               +--------+--------+--------+--------+--------+-----+--------+
         Total |   3573 |   3500 |     73 |    534 |   2219 |   3 | 1191.0 |
       Dungeon |   3573 |   3500 |     73 |    534 |   2219 |   3 | 1191.0 |
               +--------+--------+--------+--------+--------+-----+--------+

Top non-repeatable levels by time:
     D:1: 1337 daAuts
     D:2: 1217 daAuts
     D:3: 1018 daAuts
